 Dungeon Crawl Stone Soup version 0.30-a0-918-g0ff054e9dc (webtiles) character file.

Game seed: 6072560968042835860

95 howech the Firebug (level 4, -3/24 HPs)
             Began as a Deep Elf Fire Elementalist on Mar 20, 2023.
             Slain by Grinder (8 damage)
             ... on level 4 of the Dungeon.
             The game lasted 00:09:44 (3049 turns).

howech the Firebug (Deep Elf Fire Elementalist)     Turns: 3049, Time: 00:09:44

Health: -3/24      AC:  5    Str:  5    XL:     4   Next: 39%
Magic:  5/11       EV: 13    Int: 20    God:
Gold:   137        SH:  0    Dex: 17    Spells: 7/10 levels left

rFire   . . .      SeeInvis +    h - +0 dagger
rCold   . . .      Faith    .    (no shield)
rNeg    . . .      Spirit   .    a - +0 robe
rPois   .          Reflect  .    o - +0 helmet {SInv}
rElec   .          Rampage  .    (no cloak)
rCorr   .                        d - +0 pair of gloves
Will    .....                    m - +0 pair of boots
Stlth   +++                      (no amulet)
HPRegen 0.24/turn                (no ring)
MPRegen 0.12/turn                (no ring)

@: no status effects
A: no striking features
a: no special abilities


You were on level 4 of the Dungeon.
You visited 1 branch of the dungeon, and saw 4 of its levels.

You collected 137 gold pieces.

Inventory:

Hand Weapons
 h - a +0 dagger (weapon)
 k - a +0 short sword
Missiles
 c - 6 poisoned darts
 i - 2 atropa-tipped darts
 n - 3 silver javelins
Armour
 a - a +0 robe (worn)
 d - a +0 pair of gloves (worn)
 m - a +0 pair of boots (worn)
 o - a +0 helmet of see invisible (worn)
Wands
 q - a wand of mindburst (17)
Scrolls
 p - a scroll of teleportation
Potions
 b - 3 potions of magic
 e - a potion of mutation
 f - a potion of flight
 g - a potion of invisibility
 j - 3 potions of curing
 l - a potion of might


   Skills:
 + Level 3.3 Dodging
 + Level 3.4 Stealth
 + Level 3.8 Spellcasting
 + Level 2.2 Conjurations
 + Level 3.9 Fire Magic


You had 7 spell levels left.
You knew the following spells:

 Your Spells              Type           Power      Damage    Failure   Level
a - Foxfire               Conj/Fire      64%        2x1d7     3%          1
b - Scorch                Fire           38%        2d7       3%          2

Your spell library contained the following spells:

 Spells                   Type           Power      Damage    Failure   Level
 Inner Flame              Hex/Fire       11%        N/A       17%         3
 Kindle Blastsparks       Fire/Tloc/Air  18%        2d11      22%         3
 Portal Projectile        Hex/Tloc       6%         N/A       36%         3
 Flame Wave               Conj/Fire      16%        2d7       36%         4
 Summon Forest            Summ/Tloc      1%         N/A       98%         5
 Malign Gateway           Summ/Tloc      1%         N/A       100%        7


Dungeon Overview and Level Annotations

Branches:
Dungeon (4/15)             Temple (0/1) D:4

Altars:
Yredelemnul

Annotations:
D:2 1 runed translucent door, Crazy Yiuf
D:4 Grinder, Sigmund


Message History

You can't see any susceptible monsters within range! (Use Z to cast anyway.) Unknown command.
Grinder gestures at you. Pain shoots through your body!
Ouch! That really hurt!
Casting: Foxfire (safe; 3% risk of failure)
Confirm with . or Enter, or press ? or * to list all spells.
You can't see any susceptible monsters within range! (Use Z to cast anyway.) Unknown command.
There is a stone staircase leading up here.
You start resting.
Grinder is nearby!
Casting: Foxfire (safe; 3% risk of failure)
Confirm with . or Enter, or press ? or * to list all spells.
Flames lash Grinder.
Grinder is heavily wounded.
Grinder's fire resistance burns away.
Casting: Scorch (safe; 3% risk of failure)
Confirm with . or Enter, or press ? or * to list all spells.
You conjure some foxfire!
Unknown command.
Casting: Foxfire (safe; 3% risk of failure)
Confirm with . or Enter, or press ? or * to list all spells.
You conjure some foxfire!
The foxfire hits Grinder.
Grinder is heavily wounded.
Grinder gestures at you. Pain shoots through your body!
* * * LOW HITPOINT WARNING * * *
Unknown command.
Casting: Foxfire (safe; 3% risk of failure)
Confirm with . or Enter, or press ? or * to list all spells.
You conjure some foxfire!
The foxfire hits Grinder but does no damage.
Grinder is heavily wounded.
The foxfire hits Grinder.
Grinder is burned terribly!
Grinder is heavily wounded.
The foxfire hits Grinder!
Grinder is burned terribly!
Grinder is almost dead.
Grinder hits you!
You die...

.............#....#
.............#....#
#...........#....#
##..........#....#
#...............##
##...............###
########..........#
#ยงยง.........
#@.......#..
#5v.).....#
.#######..........>
....5............#.
........#######.#..
.......## ....
##....# ## #(### #
#.#


You could see Grinder (combustible, ally target).

Vanquished Creatures
  5 adders
  An ufetubus (D:4)
  A dart slug (D:2)
  7 ball pythons
  3 endoplasms
  3 goblins
  4 hobgoblins
  3 jackals (D:3)
  A quokka (D:2)
  4 bats
  3 frilled lizards (D:3)
  5 kobolds
  4 rats
44 creatures vanquished.

Vanquished Creatures (others)
  126 foxfires
  A fungus (D:2)
127 creatures vanquished.

Grand Total: 171 creatures vanquished

Notes
Turn   | Place    | Note
-------+----------+-------------------------------------------
     0 | D:1      | howech the Deep Elf Fire Elementalist began the quest for
                  | the Orb.
     0 | D:1      | Reached XP level 1. HP: 10/10 MP: 6/6
   348 | D:1      | Found a faded altar of an unknown god.
   807 | D:1      | Reached XP level 2. HP: 15/15 MP: 5/8
  1264 | D:2      | You fall into a shaft and drop 1 floor!
  1500 | D:2      | Reached XP level 3. HP: 19/19 MP: 6/9
  1755 | D:2      | Got the Compendium of the Apprentice
  1934 | D:2      | Found a basalt altar of Yredelemnul.
  1966 | D:2      | Learned a level 2 spell: Scorch
  2040 | D:2      | Found a runed translucent door.
  2041 | D:2      | Noticed Crazy Yiuf
  2336 | D:3      | Reached XP level 4. HP: 24/24 MP: 8/11
  2911 | D:4      | Noticed Sigmund
  3007 | D:4      | Found a staircase to the Ecumenical Temple.
  3037 | D:4      | Noticed Grinder
  3049 | D:4      | Slain by Grinder

Illustrated notes

Levels and vault maps discovered:
D:1:      saegor_arrival_fortress, layout_basic, ebering_ecumenical_altar_ruins
D:2:      layout_rooms, basic_altar, uniq_crazy_yiuf_cottage
D:3:      layout_loops_corners
D:4:      layout_cave_pods, minmay_temple_entry_crystal_x, cheibrodos_gnoll_hut,
          uniq_sigmund, uniq_grinder

Skill      XL: |  1  2  3 |
---------------+----------+-----
Stealth        | 3 |  3.4
Dodging        | 3 |  3.3
Conjurations   | 2 |  2.2
Spellcasting   | |  3.8
Fire Magic     | |  3.9

Action                     |  1- 3 |  4- 6 || total
---------------------------+-------+-------++-------
  Melee: Dagger            |     5 |       ||     5
   Cast: Foxfire           |    66 |     7 ||    73
         Scorch            |     2 |     6 ||     8
    Use: Scroll            |     4 |     4 ||     8
 Armour: Robe              |     6 |     1 ||     7
  Dodge: Dodged            |    12 |     2 ||    14

Table legend: (Time is in decaauts)
 A = Elapsed time spent in this place.
 B = Non-inter-level travel time spent in this place.
 C = Inter-level travel time spent in this place.
 D = Time resting spent in this place.
 E = Time spent auto-exploring this place.
 F = Levels seen in this place.
 G = Mean time per level.
                   A        B        C        D        E       F      G
               +--------+--------+--------+--------+--------+-----+--------+
         Total |   3047 |   2910 |    137 |    417 |   2005 |   4 |  761.8 |
       Dungeon |   3047 |   2910 |    137 |    417 |   2005 |   4 |  761.8 |
               +--------+--------+--------+--------+--------+-----+--------+

Top non-repeatable levels by time:
     D:1: 1263 daAuts
     D:3: 1072 daAuts
     D:2: 661 daAuts
     D:4: 50 daAuts
